 Dungeon Crawl Stone Soup version 0.22-a0-776-ge6d7efa (webtiles) character file.

8 Amnesiac the Digger (level 2, -1/19 HPs)
             Began as a Demonspawn Earth Elementalist on July 18, 2018.
             Killed from afar by a dart slug (3 damage)
             ... with a slug dart
             ... on level 1 of the Dungeon.
             The game lasted 00:00:51 (252 turns).

Amnesiac the Digger (Demonspawn Earth Elementalist)  Turns: 252, Time: 00:00:52

Health: -1/19      AC:  2    Str:  8    XL:     2   Next: 0%
Magic:  0/5        EV: 12    Int: 16    God:
Gold:   33         SH:  0    Dex: 13    Spells: 4/5 levels left

rFire    . . .     SeeInvis .   e - +0 dagger
rCold    . . .     Gourm    .   (no shield)
rNeg     . . .     Faith    .   c - +0 robe
rPois    .         Spirit   +   (no helmet)
rElec    .         Reflect  .   (no cloak)
rCorr    .         Harm     .   (no gloves)
MR       .....                  (no boots)
Stlth    ++........             (no amulet)
HPRegen  0.06/turn              (no ring)
MPRegen  0.09/turn              (no ring)

@: very slightly contaminated
A: magic shield
a: no special abilities


You were on level 1 of the Dungeon.
You were not hungry.

You visited 1 branch of the dungeon, and saw 1 of its levels.

You collected 33 gold pieces.

Inventory:

Hand Weapons
 e - a +0 dagger (weapon)
Missiles
 b - 22 stones (quivered)
Armour
 c - a +0 robe (worn)
Potions
 a - a potion of agility {!q, unknown}
Comestibles
 d - a ration
 f - a chunk of flesh


   Skills:
 + Level 1.9 Dodging
 - Level 2.0 Stealth
 + Level 2.1 Spellcasting
   Level 0.8 Transmutations
 * Level 2.9 Earth Magic


You had 4 spell levels left.
You knew the following spells:

 Your Spells              Type           Power        Failure   Level  Hunger
a - Sandblast             Erth           ##....       6%          1    #......

Your spell library contained the following spells:

 Spells                   Type           Power        Failure   Level  Hunger
 Stone Arrow              Conj/Erth      #.....       32%         3    ###....
 Passwall                 Tmut/Erth      #.......     14%         2    ###....
 Lee's Rapid Deconstruct  Erth           ##........   86%         5    ######.
 Petrify                  Tmut/Erth      #.......     67%         4    #####..


Dungeon Overview and Level Annotations

Branches:
Dungeon (1/15)

Altars:


Innate Abilities, Weirdness & Mutations

When hurt, damage is shared between your health and your magic reserves.


Message History

The bat hits you but does no damage. The bat closely misses you.
You hit the bat but do no damage. The bat hits you but does no damage.
The bat closely misses you.
Things that are here:
a dagger; a goblin corpse The bat hits you.
* * * LOW HITPOINT WARNING * * *
The bat closely misses you.
You miss the bat. The bat hits you but does no damage.
The bat closely misses you.
You closely miss the bat. The bat barely misses you.
You completely miss the bat. The bat hits you but does no damage.
The bat hits you.
* * * LOW HITPOINT WARNING * * *
You closely miss the bat. The bat hits you but does no damage.
The bat barely misses you.
You hit the bat.
The bat is heavily wounded.
The bat closely misses you. x2
You hit the bat but do no damage.
The bat is heavily wounded.
The bat hits you.
* * * LOW HITPOINT WARNING * * *
You hit the bat.
You kill the bat!
Training target 2.0 for Stealth reached!
Your Stealth skill increases to level 2!
You have reached level 2!
Your demonic ancestry asserts itself...
You feel your magical essence form a protective shroud around your flesh.
Casting: Sandblast (safe; 6% risk of failure)
Confirm with . or Enter, or press ? or * to list all spells.
Aiming: Sandblast (safe; 6% risk of failure)
Press: ? - help, Shift-Dir - straight line, f - dart slug
Aim: a dart slug (clinging)
You miscast Sandblast.
You are very lightly contaminated with residual magic.
You feel a surge of energy from the ground.
The dart slug launches a dart at you. The slug dart hits you!
* * * LOW HITPOINT WARNING * * *
Casting: Sandblast (safe; 6% risk of failure)
Confirm with . or Enter, or press ? or * to list all spells.
Aiming: Sandblast (safe; 6% risk of failure)
Press: ? - help, Shift-Dir - straight line, f/p - dart slug
Aim: a dart slug (clinging)
The blast of sand hits the dart slug.
The dart slug is moderately wounded.
b - 22 stones
Casting: Sandblast (safe; 6% risk of failure)
Confirm with . or Enter, or press ? or * to list all spells.
You don't have enough magic to cast that spell.
You hit the dart slug.
The dart slug is moderately wounded.
The dart slug barely misses you.
You hit the dart slug.
The dart slug is heavily wounded.
The dart slug bites you but does no damage.
Unknown command.
You hit the dart slug but do no damage.
The dart slug is heavily wounded.
The dart slug launches a dart at you. The slug dart hits you!
You die...

#................#.##.##)###
##.....###...............
##.#### #..#.#.##.##.### #.#
#..#.#.##...... #.. #w#
#..#.#.#####.### #...###.#
#..#.#.# #.# ........##
#..#.#.# ...
.........#####..#.... ###
...........w@........
#...##...######.####
.K........ #...####### ###


You could see a dart slug.

Vanquished Creatures
  2 bats (D:1)
  3 goblins (D:1)
  A kobold (D:1)
  2 rats (D:1)
8 creatures vanquished.

Notes
Turn   | Place    | Note
-------+----------+-------------------------------------------
     0 | D:1      | Amnesiac the Demonspawn Earth Elementalist began the quest for the Orb.
     0 | D:1      | Reached XP level 1. HP: 13/13 MP: 3/3
   247 | D:1      | Gained mutation: When hurt, damage is shared between your health and your magic reserves. [demonic ancestry]
   247 | D:1      | Reached XP level 2. HP: 5/19 MP: 3/5
   252 | D:1      | Killed from afar by a dart slug

Vault maps used:
D:1:      tarquinn_simple_flora_water_e

Skill      XL: |  1 |
---------------+----+-----
Stealth        | 2 |  2.0
Dodging        | |  1.9
Spellcasting   | |  2.1
Transmutations | |  0.8
Earth Magic    | |  2.9

Action                   || total
-------------------------++-------
Melee: Dagger            ||    17
       Unarmed           ||     8
 Cast: Sandblast         ||     9
 Stab: Sleeping          ||     1
Armor: Robe              ||    22
Dodge: Dodged            ||    46

Table legend:
 A = Spawn XP
 B = Non-spawn XP
 C = Spawn XP percentage of total XP
 D = Spawn monster count
 E = Non-spawn monster count
 F = Spawn count percentage of total count
 G = Total turns spent on level
                    A         B        C        D         E        F      G
               +---------+---------+-------+---------+---------+-------+---------
         Total |       0 |      12 |   0.0 |       0 |       8 |   0.0 |   252
               +---------+---------+-------+---------+---------+-------+---------
           D:1 |       0 |      12 |   0.0 |       0 |       8 |   0.0 |   252
               +---------+---------+-------+---------+---------+-------+---------
